 Dungeon Crawl Stone Soup version 0.18-a0-1577-gf591c28 (webtiles) character file.

31824 Ladykiller69 the Severer (level 13, -3/100 HPs)
             Began as a Formicid Fighter on Sept 16, 2015.
             Was the Champion of Cheibriados.
             Slain by an ice devil (7 damage)
             ... in an ice cave on Mar 23, 2016.
             The game lasted 01:07:03 (12946 turns).

Ladykiller69 the Severer (Formicid Fighter)        Turns: 12946, Time: 01:07:04

Health: -3/100     AC: 23    Str: 41    XL:     13   Next: 99%
Magic:  26/30      EV: 20    Int: 28    God:    Cheibriados [******]
Gold:   931        SH: 16    Dex: 30    Spells: 0 memorised, 12 levels left

rFire  . . .     SeeInvis +     R - +1 flail (holy)
rCold  + + .     Gourm    .     m - +0 plate armour
rNeg   . . .     Faith    .     c - +0 shield
rPois  .         Spirit   .     (helmet unavailable)
rElec  .         Dismiss  .     L - +2 cloak {rC+}
rCorr  .         Reflect  .     r - +1 pair of gloves
SustAt .         Harm     .     t - +2 pair of boots {rC+}
MR     +....                    (no amulet)
Stlth  ..........               (no ring)
                                M - ring of magical power

@: brilliant, agile, very slow, somewhat resistant to hostile enchantments,
extremely unstealthy
A: permanent stasis, dig shafts and tunnels, four strong arms, antennae 3
a: Dig, Shaft Self, Bend Time, Temporal Distortion, Slouch, Step From Time,
Renounce Religion


You were in an ice cave.
You worshipped Cheibriados.
Cheibriados was exalted by your worship.
You were near starving.

You visited 3 branches of the dungeon, and saw 17 of its levels.
You also visited: Ice Cave.

You collected 931 gold pieces.

Inventory:

Hand Weapons
 a - a +1 vampiric war axe
 P - a +2 flail
 R - a +1 flail of holy wrath (weapon)
Missiles
 n - 4 javelins of penetration
 y - 2 javelins
 A - 10 tomahawks (quivered)
Armour
 c - a +0 shield (worn)
 m - a +0 plate armour (worn)
 r - a +1 pair of gloves (worn)
 t - a +2 pair of boots of cold resistance (worn)
 L - a +2 cloak of cold resistance (worn)
Jewellery
 M - a ring of magical power (left hand)
Wands
 q - a wand of iceblast (2/15)
 u - a wand of removedness (20/24)
 B - a wand of paralysis (10/24)
 F - a wand of random effects (8/48)
 N - a wand of slowing (13/48)
 W - a wand of acid (10/15)
Scrolls
 d - a scroll of immolation
 f - 9 scrolls of identify
 g - 2 scrolls of fog
 i - 2 scrolls of noise
 k - 2 scrolls of amnesia
 o - a scroll of magic mapping
 p - 5 scrolls of enchant armour
 D - 2 scrolls of remove curse
 O - a scroll of teleportation {unknown}
 Z - a scroll of random uselessness {unknown}
Potions
 h - 2 potions of might
 s - a potion of flight {unknown}
 v - a potion of brilliance
 x - 3 potions of curing {unknown}
 C - 2 potions of resistance {unknown}
 H - 2 potions of cancellation {unknown}
 U - a potion of cure mutation {unknown}
Books
 E - a Grand Grimoire

   Spells                             Type                      Level
   a - Monstrous Menagerie            Summoning                    7
   b - Summon Greater Demon           Summoning                    7
   c - Malign Gateway                 Summoning/Translocation      7
   d - Summon Horrible Things         Summoning                    8
 I - a book of Enchantments

   Spells                             Type                      Level
   a - Cause Fear                     Hexes                        4
   b - Yara's Violent Unravelling     Hexes/Transmutation          5
   c - Silence                        Hexes/Air                    5
   d - Deflect Missiles               Charms/Air                   6
   e - Haste                          Charms                       6
   f - Discord                        Hexes                        8
 J - a book of Envenomations

   Spells                             Type                      Level
   a - Spider Form                    Transmutation/Poison         3
   b - Olgreb's Toxic Radiance        Poison                       4
   c - Alistair's Intoxication        Transmutation/Poison         5
   d - Poisonous Cloud                Conjuration/Poison/Air       6
 Q - a book of Conjurations

   Spells                             Type                      Level
   a - Magic Dart                     Conjuration                  1
   b - Searing Ray                    Conjuration                  2
   c - Dazzling Spray                 Conjuration/Hexes            3
   d - Fulminant Prism                Conjuration/Hexes            4
   e - Iskenderun's Mystic Blast      Conjuration                  4
   f - Iskenderun's Battlesphere      Conjuration/Charms           5
 T - the Guide on Ice
   (You found it on level 3 of the Lair of Beasts)

   Spells                             Type                      Level
   a - Freeze                         Ice                          1
   b - Throw Frost                    Conjuration/Ice              2
   c - Ensorcelled Hibernation        Hexes/Ice                    2
   d - Ozocubu's Armour               Charms/Ice                   3
   e - Ozocubu's Refrigeration        Ice                          6
   f - Simulacrum                     Ice/Necromancy               6
 X - a book of Death

   Spells                             Type                      Level
   a - Corpse Rot                     Necromancy                   2
   b - Sublimation of Blood           Necromancy                   2
   c - Agony                          Necromancy                   5
   d - Dispel Undead                  Necromancy                   5
   e - Excruciating Wounds            Charms/Necromancy            5
   f - Bolt of Draining               Conjuration/Necromancy       5
 Y - a book of the Warp

   Spells                             Type                      Level
   a - Recall                         Summoning/Translocation      3
   b - Gell's Gravitas                Hexes/Translocation          3
   c - Force Lance                    Conjuration/Translocation    4
   d - Warp Weapon                    Charms/Translocation         5
   e - Summon Forest                  Summoning/Translocation      5
Miscellaneous
 z - a stone of tremors
 G - a sack of spiders
 S - a box of beasts
Comestibles
 e - 7 bread rations
 j - a meat ration


   Skills:
 + Level 8.8 Fighting
 + Level 15.0 Axes
 + Level 8.5 Armour
 + Level 6.3 Dodging
 - Level 9.4 Shields
 + Level 10.8 Invocations


You had 12 spell levels left.
You didn't know any spells.

Dungeon Overview and Level Annotations

Branches:
Dungeon (11/15)            Temple (0/1) D:5            Lair (5/8) D:9
  Swamp (1/4) Lair:5
  Snake: Lair:3-6    Spider: Lair:3-6       Orc: D:9-12

Altars:
Cheibriados
Dithmenos
Gozag
Kikubaaqudgha
Makhleb
Sif Muna
Xom

Annotations:
D:9 exclusions: electric eel and 6 more exclusions
D:10 Fannar
Lair:2 exclusions: electric eel and 5 more exclusions


Innate Abilities, Weirdness & Mutations

You are under a permanent stasis effect.
You can dig through walls and to a lower floor.
Your four strong arms can wield two-handed weapons with a shield.
You have a pair of large antennae on your head (SInv).


Message History

The ice devil hits you but does no damage.
You block the ice devil's attack.
You thump the ice devil!
You kill the ice devil!
Cheibriados thoroughly appreciates the change of pace.
The ice devil hits you.
* * * LOW HITPOINT WARNING * * *
The ice devil freezes you! You resist.
* * * LOW HITPOINT WARNING * * *
Drink which item? (? for menu, Esc to quit)
It was a potion of brilliance.
You feel clever all of a sudden. You block the ice devil's attack.
Drink which item? (? for menu, Esc to quit)
It was a potion of agility.
You feel agile all of a sudden. The ice devil hits you.
* * * LOW HITPOINT WARNING * * *
The ice devil freezes you! You resist.
You die...

##..#.## #....#.##
.§§..§
##..#..#§###§§§§§§
##.###...###.§§§§§§
#..####..###§§§§§§
##[.#..##§§#§.§§§#
#..##...#§§§§§§§# #
##..#....#.§§§§###..#..
#..##....##§§§§@.......
#..#....##§#§§§#4......
#..##.#.##≈#§.§#...####
#...###..#≈#...§.....§
##..##...#≈#..#........
#.......#≈##.##..#.#..
##...#..#≈ #.§ .##.# .
##.....## #.§ .# #
##.#...#


You could see an ice devil.

Vanquished Creatures
  4 hydras
  Urug (Lair:2)
  2 hill giants
  A griffon (Lair:3)
  A hornet (Swamp:1)
  4 elephants (Lair:5)
  2 black mambas
  2 ice statues (IceCv)
  6 spiny frogs
  3 komodo dragons
  12 ice devils (IceCv)
  3 polar bears
  2 giant leeches (Swamp:1)
  8 blink frogs
  A deep elf mage (D:6)
  26 yaks
  5 hippogriffs
  A removed MONS_DEEP_ELF_FIGHTER (D:9)
  A basilisk (Lair:5)
  7 vampire mosquitoes (Lair:5)
  12 wolves
  Edmund (D:6)
  14 water moccasins
  11 porcupines
  A black bear (D:9)
  9 ice beasts
  A phantom (D:5)
  5 orc warriors
  4 ogres
  3 centaurs
  2 big kobolds
  6 crocodiles
  A gnoll sergeant (D:8)
  12 giant frogs
  3 scorpions
  6 killer bees (D:8)
  14 wights
  A centaur zombie (D:6)
  6 orc priests
  6 crimson imps
  2 giant frog zombies
  2 jellies
  7 orc wizards
  A centaur skeleton (D:8)
  7 hounds
  4 giant frog skeletons
  Natasha (thrice) (D:4)
  4 worker ants
  11 iguanas
  7 sheep (Lair:4)
  A killer bee simulacrum (D:9)
  2 hound skeletons
  10 adders
  A worker ant zombie (D:10)
  7 gnolls
  58 river rats
  A hound simulacrum (D:9)
  3 shadow imps
  6 white imps
  8 ufetubi
  An ooze (D:3)
  An adder zombie (D:5)
  3 adder skeletons
  7 worms
  6 giant geckos
  43 orcs
  22 bats
  8 giant cockroaches
  2 goblins
  10 hobgoblins
  13 jackals
  2 quokkas
  4 giant newts
  14 kobolds
  A quokka zombie (D:8)
  9 rats
  5 fungi
  2 plants
508 creatures vanquished.

Vanquished Creatures (others)
  A white imp (IceCv)
  6 ufetubi (IceCv)
  A bush (Lair:4)
  11 fungi
  A plant (D:9)
20 creatures vanquished.

Grand Total: 528 creatures vanquished

Notes
Turn   | Place    | Note
--------------------------------------------------------------
     0 | D:1      | Ladykiller69 the Formicid Fighter began the quest for the Orb.
     0 | D:1      | Reached XP level 1. HP: 18/18 MP: 1/1
    59 | D:1      | Reached XP level 2. HP: 21/24 MP: 2/2
   466 | D:2      | Reached XP level 3. HP: 29/29 MP: 3/3
   599 | D:2      | Reached XP level 4. HP: 20/37 MP: 4/4
   647 | D:2      | Found a shadowy altar of Dithmenos.
   648 | D:2      | Found a snail-covered altar of Cheibriados.
   668 | D:2      | Found an opulent altar of Gozag.
   668 | D:2      | Found an ancient bone altar of Kikubaaqudgha.
   672 | D:2      | Became a worshipper of Cheibriados the Contemplative
  1116 | D:3      | Reached XP level 5. HP: 38/42 MP: 5/5
  1267 | D:3      | Reached piety under Cheibriados
  1275 | D:3      | Reached XP level 6. HP: 41/48 MP: 6/6
  1564 | D:4      | Noticed Natasha
  1571 | D:4      | Killed Natasha
  1571 | D:4      | Reached skill level 5 in Shields
  1820 | D:4      | Reached skill level 5 in Axes
  1901 | D:4      | Noticed Natasha
  1910 | D:4      | Killed Natasha
  2188 | D:4      | Reached XP level 7. HP: 49/54 MP: 7/7
  2203 | D:4      | Found a deep blue altar of Sif Muna.
  2206 | D:4      | Found a burning altar of Makhleb.
  2209 | D:4      | Found a shimmering altar of Xom.
  2276 | D:4      | Noticed Natasha
  2297 | D:4      | Killed Natasha
  2375 | D:5      | Entered Level 5 of the Dungeon
  2490 | D:5      | Reached skill level 6 in Axes
  2580 | D:5      | Found a staircase to the Ecumenical Temple.
  3200 | D:6      | Reached XP level 8. HP: 56/60 MP: 8/8
  3264 | D:6      | Reached skill level 7 in Axes
  3394 | D:6      | Reached ** piety under Cheibriados
  3670 | D:6      | Noticed a deep elf mage
  3891 | D:6      | Noticed Edmund
  3911 | D:6      | Killed Edmund
  3927 | D:6      | You fall through a shaft for 3 floors!
  3949 | D:9      | Reached skill level 8 in Axes
  4103 | D:9      | Reached XP level 9. HP: 47/65 MP: 9/9
  4149 | D:8      | Reached *** piety under Cheibriados
  4150 | D:8      | Reached skill level 9 in Axes
  4567 | D:7      | Reached skill level 10 in Axes
  4579 | D:7      | You fall through a shaft for 3 floors!
  4579 | D:10     | Entered Level 10 of the Dungeon
  4900 | D:10     | Noticed Fannar
  4908 | D:10     | You fall through a shaft!
  5148 | D:11     | Noticed a hill giant
  5165 | D:11     | Killed a hill giant
  5165 | D:11     | Reached XP level 10. HP: 24/71 MP: 10/10
  5431 | D:10     | Reached **** piety under Cheibriados
  5442 | D:10     | Reached skill level 1 in Invocations
  5455 | D:9      | Reached skill level 11 in Axes
  5627 | D:9      | Noticed a polar bear
  5636 | D:9      | Noticed a polar bear
  5637 | D:9      | Killed a polar bear
  5648 | D:9      | Killed a polar bear
  6199 | D:9      | Reached skill level 12 in Axes
  6520 | D:9      | Found a staircase to the Lair.
  6523 | D:9      | Reached skill level 5 in Invocations
  6684 | D:8      | Noticed a hill giant
  6685 | D:8      | Reached XP level 11. HP: 69/77 MP: 15/15
  6699 | D:8      | Killed a hill giant
  6822 | D:8      | Reached skill level 13 in Axes
  7904 | Lair:1   | Entered Level 1 of the Lair of Beasts
  7909 | Lair:1   | Reached skill level 1 in Dodging
  8020 | Lair:1   | Upgraded the game from 0.17-a0-1840-g87820a2 to 0.18-a0-1577-gf591c28
  8892 | Lair:1   | Reached skill level 5 in Fighting
  8964 | Lair:1   | Reached XP level 12. HP: 64/86 MP: 17/17
  8990 | Lair:1   | Reached skill level 5 in Armour
  9208 | Lair:1   | Reached skill level 14 in Axes
  9230 | Lair:2   | Noticed Urug
  9745 | Lair:2   | Killed Urug
  9770 | Lair:2   | You fall through a shaft!
  9773 | Lair:3   | Identified the Guide on Ice
  9777 | Lair:3   | Noticed a six-headed hydra
  9781 | Lair:3   | You fall through a shaft!
 10360 | Lair:3   | Killed a six-headed hydra
 10831 | Lair:4   | Noticed an eight-headed hydra
 10855 | Lair:4   | HP: 2/91 [eight-headed hydra (4)]
 10857 | Lair:4   | Killed an eight-headed hydra
 10857 | Lair:4   | Reached XP level 13. HP: 28/96 MP: 20/20
 11598 | Lair:5   | Reached skill level 5 in Dodging
 11721 | Lair:5   | Reached skill level 10 in Invocations
 11906 | Lair:5   | Found a staircase to the Swamp.
 11931 | Swamp:1  | Entered Level 1 of the Swamp
 11958 | Swamp:1  | Found a frozen archway.
 11958 | Swamp:1  | Noticed a five-headed hydra
 11973 | Swamp:1  | Killed a five-headed hydra
 11999 | Swamp:1  | Noticed a seven-headed hydra
 12012 | Swamp:1  | Killed a seven-headed hydra
 12045 | IceCv    | Entered an ice cave
 12783 | IceCv    | Reached skill level 15 in Axes
 12909 | IceCv    | Noticed an Ice Fiend
 12946 | IceCv    | HP: 4/100 [ice devil (4)]
 12946 | IceCv    | Slain by an ice devil

Vault maps used:
D:1:      saegor_arrival_miasma, due_unseen_surprise
D:2:      grunt_temple_overflow_open
D:3:      kennysheep_generic_room_14
D:4:      grunt_temple_overflow_diamond, first_bread, uniq_natasha
D:5:      lemuel_temple_firewalk_marked
D:6:      uniq_edmund
D:9:      grunt_lair_entry_elf_guard_hut, serial_ice, serial_ice_m,
          serial_ice_i, serial_ice_o, serial_ice_e
D:10:     orc_0_dummy, grunt_pizzeria, evilmike_butchery, uniq_harold,
          uniq_fannar, uniq_erica
D:11:     tso_metal_star
Lair:1:   grunt_megastairs_2
Lair:2:   uniq_urug
Lair:3:   grunt_megastairs_4
Lair:5:   minmay_swamp_entry_swarm, uniq_kirke
Swamp:1:  portal_ice_cave_entry_ice_beasts, nicolae_swamp_trees_clearing
IceCv:    ice_cave_small_demon

Skill      XL: |  1  2  3  4  5  6  7  8  9 10 11 12 13 |
---------------+----------------------------------------+-----
Shields        | 4 5 |  9.4
Axes           | 5 6 8 10 12 13 14 15 | 15.0
Invocations    | 5 9 10 | 10.8
Dodging        | 2 4 6 |  6.3
Fighting       | 5 7 8 |  8.8
Armour         | 7 8 |  8.5

Action                   |  1- 3 |  4- 6 |  7- 9 | 10-12 | 13-15 || total
-------------------------+-------+-------+-------+-------+-------++-------
Melee: War axe           |    99 |   170 |   358 |   822 |   306 ||  1755
       Flail             |       |       |       |    21 |    58 ||    79
Invok: Slouch            |       |       |       |     1 |     1 ||     2
       Step From Time    |       |       |       |       |     1 ||     1
       Bend Time         |       |       |       |       |     1 ||     1
 Abil: Dig               |     1 |     2 |    16 |    12 |     9 ||    40
       Shaft Self        |       |       |     3 |     2 |       ||     5
Evoke: Wand              |       |       |       |     7 |       ||     7
  Use: Potion            |       |       |     1 |     4 |     2 ||     7
       Scroll            |       |       |       |    12 |       ||    12
  Eat: Chunk             |       |     4 |     7 |    11 |       ||    22
       Beef jerky        |       |       |     1 |     2 |     2 ||     5
       Fruit             |       |       |       |     6 |       ||     6
       Meat ration       |       |       |       |     1 |     2 ||     3
       Royal jelly       |       |       |       |       |     1 ||     1
